[Event "*** Titled Tuesday Blitz"]
[Site "Chess.com"]
[Date "2020.02.04"]
[Round "2"]
[White "DenishevM"]
[Black "VladimirBelous"]
[Result "0-1"]
[WhiteElo "2516"]
[BlackElo "2747"]
[TimeControl "180+2"]
[EndTime "13:25:56 PST"]
[Termination "VladimirBelous won by resignation"]

1. Nf3 Nf6 2. c4 g6 3. g3 Bg7 4.
Bg2 O-O 5. O-O d6 6. Nc3 c6 7. d4 a6 8. e4 b5 9. cxb5 axb5 10.
a3 b4 11. e5 bxc3 12. exf6 cxb2 13. Bxb2 Bxf6 14. Re1 Qb6 15. Qd2 Bf5 16. Bc3 Nd7 17.
a4 Qa6 18. a5 Qd3 19. Qc1 c5 20. Re3 Qb5 21. dxc5 Qxc5 22. Bxf6 Qxc1+ 23. Rxc1 Nxf6 24. Ra1 Be4 25. Rea3 Nd5 26. Ra4 Nc3 27. R4a3 Nb5 28. Ra4 Bc6 29. a6 Ra7 30. Ra5 Rfa8 31. Rb1 Nc7 32.
Rc1 Be4 33. Ra4 d5 34. Nd4 Bxg2 35. Kxg2 Rxa6 36. Rxa6 Nxa6 37. Nc6 e6 38. Ra1 Nc7 39. Rc1 Nb5 40. Ne5 Kg7 41. Rc5 Rb8 42. f4 Rb7 43. h4 Nd6 44. g4 Rb2+ 45. Kf3 Rb3+ 46. Kg2 Rb4 47. Rc6 Nc4 48. Nd7 Rb2+ 49. Kf1 Rb3 50. Rc7 Rf3+ 51. Kg2 Rxf4 52. Kg3 Rf1 53. h5 gxh5 54.
gxh5 Rf5 55. Kg4 h6 56. Kh4 Ne5 57. Nc5 Nf3+ 58. Kg4 Kf6 59. Nd7+ Kg7 60. Nc5 Ne5+ 61. Kh4 Kf6 62. Ra7 Rf4+ 63. Kg3 Rc4 64. Nb7 Rc7 0-1

[Event "*** Titled Tuesday Blitz"]
[Site "Chess.com"]
[Date "2020.02.04"]
[Round "2"]
[White "AvitalBor"]
[Black "evgenyermolaev"]
[Result "1-0"]
[WhiteElo "2739"]
[BlackElo "2511"]
[TimeControl "180+2"]
[EndTime "13:25:56 PST"]
[Termination "AvitalBor won on time"]

1. e4 c5 2. Nf3 d6 3. Bb5+ Nd7 4. O-O a6 5. Bd3 g6 6. c3 Bg7 7. Bc2 e5 8. d4 Ne7 9. Re1 O-O 10. a4 b6 11. Na3 Bb7 12. Nc4 Qc7 13. dxe5 dxe5 14. Qd6 Qxd6 15. Nxd6 Bc6 16. Nc4 b5 17. Na5 Rac8 18.
Bg5 f6 19. Nxc6 Nxc6 20. Be3 Rfd8 21. axb5 axb5 22. Red1 Bf8 23. h4 Nb6 24. Rxd8 Rxd8 25. Ra6 Rb8 26. Bd3 b4 27. Bb5 bxc3 28. bxc3 Nd8 29. h5 Ne6 30. hxg6 hxg6 31. Nh4 Nc7 32. Ra5 Ra8 33. Rxa8 Nbxa8 34. Bc6 Kg7 35. Kf1 Nb6 36. Ke2 Ne6 37. g3 Nc4 38. Bc1 Nd6 39. Kd3 f5 40. f3 Kf6 41. Bd5 c4+ 42. Ke2 Nc5 43. exf5 gxf5 44.
Ng2 Nd3 45. Bd2 Nb2 46. Ne3 Bh6 47. Nxc4 Nbxc4 48. Bxh6 Nb6 49. Bb3 Nb5 50. Bd2 Nd6 51. Be3 Nbc4 52. Bc5 e4 53. f4 Ke6 54. Bxd6 1-0

[Event "*** Titled Tuesday Blitz"]
[Site "Chess.com"]
[Date "2020.02.04"]
[Round "2"]
[White "Gusarov91"]
[Black "Chesstrainer1"]
[Result "1-0"]
[WhiteElo "2618"]
[BlackElo "2365"]
[TimeControl "180+2"]
[EndTime "13:26:06 PST"]
[Termination "Gusarov91 won on time"]

1. d4 Nf6 2. Nf3 g6 3. c4 Bg7 4.
Nc3 O-O 5. g3 d6 6. Bg2 c5 7.
O-O Nc6 8. dxc5 dxc5 9. Be3 Qa5 10. Qa4 Qxa4 11. Nxa4 b6 12. Ne5 Nxe5 13. Bxa8 Bd7 14. Bf4 Bxa4 15. Bxe5 Rxa8 16. b3 Bc6 17. Rfd1 Ne4 18.
Bxg7 Kxg7 19. f3 Nd6 20. Kf2 f5 21. Rd2 Kf6 22. h4 a5 23. Rad1 Nf7 24. g4 fxg4 25. fxg4 a4 26. Rb1 axb3 27. Rxb3 Ne5 28. Rxb6 e6 29. g5+ Kf5 30. Rd6 Bd7 31. Rb7 Bc8 32. Rxh7 Rxa2 33. Rd8 Ba6 34. Rf8+ Ke4 35. h5 gxh5 36.
Rxh5 Bxc4 37. Rh4+ Kd5 38. Rd8+ Kc6 39. Re4 Nf7 40.
Rf8 Bd5 41. Rg4 Ne5 42. Rg3 c4 43. g6 Nxg6 44. Rxg6 Kd6 45. Rc8 Ra7 46. Rg4 Rf7+ 47. Ke1 Ke5 48. Rc5 Kd6 49. Rc8 Rh7 50. e4 Bc6 51. e5+ Kd7 52. Rgg8 Rh1+ 53. Kd2 Bd5 54. Rgd8+ Ke7 55. Rd6 Rh5 56. Rc7+ Ke8 57. Rb6 Kd8 58. Rg7 Kc8 59. Kc3 Rxe5 60. Kd4 Rh5 61. Kc5 Bf3+ 62. Kd6 Rd5+ 63. Kxe6 c3 64. Rc6+ Kb8 65.
Rxc3 Be4 66. Rb3+ Kc8 67. Rb4 Bh1 68. Rh4 Bf3 69. Rf4 Bh1 70. Rc4+ Kb8 71. Rh4 1-0

[Event "*** Titled Tuesday Blitz"]
[Site "Chess.com"]
[Date "2020.02.04"]
[Round "2"]
[White "ElHelvetico"]
[Black "Orest_Vovk"]
[Result "1-0"]
[WhiteElo "2701"]
[BlackElo "2390"]
[TimeControl "180+2"]
[EndTime "13:26:09 PST"]
[Termination "ElHelvetico won by resignation"]

1. e4 g5 2. d4 h6 3. h4 d5 4.
e5 g4 5. Ne2 c5 6. c3 Nc6 7.
Nf4 Bf5 8. Bd3 Bxd3 9. Qxd3 e6 10. Be3 Qb6 11. Nd2 h5 12. O-O cxd4 13. cxd4 Bh6 14. Ne2 Nge7 15. Ng3 Bxe3 16. fxe3 Ng6 17. Rf6 Nxh4 18.
Raf1 Nd8 19. Nb3 Qa6 20. Qc2 b6 21. e4 Rc8 22. Qd2 dxe4 23. Nxe4 Nf5 24. R1xf5 exf5 25.
Nd6+ Ke7 26. Qg5 Kd7 27. Qxf5+ Kc7 28. Nxc8 Qxc8 29. d5 Qxf5 30. Rxf5 h4 31. Nd4 h3 32. gxh3 gxh3 33. Kh2 Rh4 34. Nb5+ Kd7 35. a3 a6 36. Nd6 Ke7 37. Nc8+ Ke8 38. Nxb6 Rd4 39. Kxh3 Rd2 40.
Rh5 Rxb2 41. Rh8+ Ke7 42. d6+ Ke6 43. Re8+ Kf5 44. Nd5 Ne6 45. d7 Rd2 46. Rxe6 Kxe6 47. d8=Q Rxd5 48. Qf6+ Kd7 49. Qxf7+ Kc6 50. Qe6+ Kc5 51.
Qe7+ Kd4 52. e6 Ke5 53. Qf7 Rd3+ 54. Kg4 Rd4+ 55. Kf3 1-0

[Event "*** Titled Tuesday Blitz"]
[Site "Chess.com"]
[Date "2020.02.04"]
[Round "2"]
[White "SARGISMV"]
[Black "Abund"]
[Result "0-1"]
[WhiteElo "2377"]
[BlackElo "2722"]
[TimeControl "180+2"]
[EndTime "13:26:11 PST"]
[Termination "Abund won on time"]

1. Nf3 c5 2. c4 Nf6 3. g3 Nc6 4.
Bg2 d5 5. O-O d4 6. e3 e5 7.
exd4 exd4 8. d3 Be7 9. Re1 O-O 10. Bg5 h6 11. Bxf6 Bxf6 12. Nbd2 Bf5 13. Ne4 Be7 14.
a3 Qd7 15. Rb1 a5 16. Qa4 Qc7 17. Qc2 Rfe8 18. h3 Bh7 19. Re2 Bf8 20. Rbe1 Re6 21. Ned2 Rxe2 22. Rxe2 Qd7 23. Ne5 Nxe5 24. Rxe5 Bd6 25.
Rd5 Qc7 26. Ne4 Be7 27. Qa4 Rd8 28. Qb5 b6 29. f4 Bxe4 30. Bxe4 Bd6 31. Kg2 g6 32. h4 f5 33. Bf3 h5 34. Qa4 Kf7 35.
Qb5 Re8 36. Qa6 Re3 37. Qa8 Re8 38. Qa6 Kg7 39. Qb5 Re3 40. Qb3 Kf7 41. Qd1 Kg7 42. b3 Qe7 43. Kh3 Qe6 44. b4 Re1 45. Qa4 Qe3 46.
Qd7+ Be7 0-1

[Event "*** Titled Tuesday Blitz"]
[Site "Chess.com"]
[Date "2020.02.04"]
[Round "2"]
[White "Misi_95"]
[Black "Mikasinski"]
[Result "1-0"]
[WhiteElo "2661"]
[BlackElo "2242"]
[TimeControl "180+2"]
[EndTime "13:26:12 PST"]
[Termination "Misi_95 won by resignation"]

1. d4 Nf6 2. Nf3 g6 3. c4 Bg7 4.
Nc3 d6 5. g3 O-O 6. Bg2 Nc6 7.
O-O a6 8. Re1 Bd7 9. e4 e5 10.
d5 Ne7 11. c5 h6 12. Qb3 Rb8 13. Be3 Ng4 14. cxd6 cxd6 15. Bb6 Qc8 16. Rac1 Ra8 17. h3 Nf6 18. Nb1 Qe8 19. Bc7 Ba4 20. Qb4 Nc8 21. b3 Bb5 22. a4 Bd3 23. Nbd2 a5 24. Qxb7 Ra6 25. Rc3 Nd7 26. Re3 Ra7 27. Qc6 Ra6 28.
Qb7 Ra7 29. Qxa7 Nxa7 30. Rexd3 Nc5 31. Re3 Nc8 32. Nc4 Qe7 33. Bxa5 Nd7 34. b4 f5 35. Nh4 Qf6 36. Rc2 Ne7 37. Bc7 Rc8 38. Nxd6 Rxc7 39. Rxc7 Qxd6 40. Rc4 Nb6 41. Rc1 Nxa4 42. exf5 gxf5 43.
b5 Nb6 44. Rec3 Kh7 45. Rc7 Nbxd5 46. Bxd5 Nxd5 47. Rxg7+ Kh8 48. Rc8+ Kxg7 49. Nxf5+ Kf6 50. Nxd6 Ke6 51. Ne4 1-0

[Event "*** Titled Tuesday Blitz"]
[Site "Chess.com"]
[Date "2020.02.04"]
[Round "2"]
[White "cukus"]
[Black "temus_galaktionov"]
[Result "1-0"]
[WhiteElo "2491"]
[BlackElo "2703"]
[TimeControl "180+2"]
[EndTime "13:26:13 PST"]
[Termination "cukus won by resignation"]

1. e4 c6 2. d4 g6 3. Nc3 Bg7 4. Be3 d6 5. Qd2 Nd7 6. f3 e5 7. O-O-O Qa5 8. Kb1 Ngf6 9. h4 h5 10. Nh3 a6 11. Ng5 b5 12. dxe5 dxe5 13. Rg1 Bf8 14.
f4 Bb4 15. fxe5 Nxe5 16. Bd4 Nfg4 17. Be2 O-O 18. Nf3 Nc4 19. Bxc4 bxc4 20. Ng5 c5 21. Nd5 cxd4 22. Qxb4 Qxb4 23. Nxb4 Rd8 24. Nc6 Rd6 25. Nxd4 Bb7 26. Ndf3 Rad8 27. Kc1 f6 28.
Ne6 Rxd1+ 29. Rxd1 Rxd1+ 30. Kxd1 Bxe4 31. Nc5 Bf5 32.
Kd2 a5 33. Nd4 Bc8 34. Nc6 Kf7 35. Nxa5 Ne5 36. Kc3 g5 37. hxg5 fxg5 38. Nxc4 Nxc4 39. Kxc4 h4 40. Kd3 Bf5+ 41. Ke3 Bxc2 42. a4 Ke7 43. a5 Kd6 44. a6 g4 45. a7 h3 46. gxh3 gxh3 47.
a8=Q h2 48. Ne4+ Ke5 49. Nf2 Bf5 50. Qa5+ Kf6 51. Qb6+ Kg5 52. Qc7 Be4 53. Kxe4 h1=Q+ 54. Nxh1 Kg4 55. Qg3+ Kh5 56. Kf5 1-0

[Event "*** Titled Tuesday Blitz"]
[Site "Chess.com"]
[Date "2020.02.04"]
[Round "2"]
[White "Teidi96"]
[Black "Kislov_Oleg"]
[Result "0-1"]
[WhiteElo "2296"]
[BlackElo "2516"]
[TimeControl "180+2"]
[EndTime "13:26:15 PST"]
[Termination "Kislov_Oleg won by resignation"]

1. e4 e6 2. d4 d5 3. Nd2 Nf6 4. e5 Nfd7 5. Bd3 c5 6. c3 Nc6 7. Ne2 cxd4 8. cxd4 f6 9. exf6 Nxf6 10. Nf3 Bd6 11.
O-O O-O 12. Bf4 Bxf4 13. Nxf4 Qd6 14. Ne2 e5 15. dxe5 Nxe5 16. Nxe5 Qxe5 17. Qd2 Ng4 18. Ng3 Kh8 19. Rae1 Qf6 20. Qe2 Bd7 21. Qe7 Rf7 22. Qxf6 Nxf6 23. Rc1 Bc6 24. Rfe1 g6 25. b4 a6 26. f3 Kg7 27. Re6 Re8 28. Rce1 Kf8 29. Nf1 d4 30. Rxe8+ Bxe8 31. Rc1 Nd5 32. a3 Nc3 33. Nd2 Ba4 34. Ne4 Rc7 35. Kf1 Ke7 36. Nxc3 dxc3 37. Ke2 Kd6 38. Be4 Ke5 39. Ke3 g5 40. g3 h6 41. f4+ gxf4+ 42. gxf4+ Kf6 43. Bc2 Bxc2 44. Rxc2 Kf5 45. h3 b5 46. Kf3 Rc4 47. Kg3 Ke4 48. f5 Kd3 49. Rc1 Kd2 50. Rf1 c2 51. f6 c1=Q 52. Rf2+ Ke3 53. Rf3+ Ke4 54.
f7 0-1

[Event "*** Titled Tuesday Blitz"]
[Site "Chess.com"]
[Date "2020.02.04"]
[Round "2"]
[White "semchik73"]
[Black "ehrenfeld"]
[Result "1/2-1/2"]
[WhiteElo "2297"]
[BlackElo "2503"]
[TimeControl "180+2"]
[EndTime "13:26:15 PST"]
[Termination "Game drawn - insufficient material"]

1. Nf3 f5 2. e4 fxe4 3. Ng5 Nc6 4. d3 e3 5. Bxe3 e5 6. Be2 Nf6 7. Nc3 Bb4 8. a3 Bxc3+ 9. bxc3 O-O 10. O-O d5 11. f4 Qe7 12. Qd2 h6 13. Nf3 exf4 14. Bxf4 Bf5 15. Rae1 Qd7 16. Nd4 Nxd4 17. cxd4 Bg4 18.
Bxg4 Nxg4 19. h3 Nf6 20. c4 c6 21. Be5 Nh7 22. Qe3 Rxf1+ 23. Rxf1 Rf8 24. Rxf8+ Nxf8 25. Qg3 Ne6 26. Qg4 Qf7 27. Qd1 Kh7 28. Qb3 Nf8 29. Bd6 Ng6 30. cxd5 Qxd5 31. Qxd5 cxd5 32.
g3 Kg8 33. Kf2 Kf7 34. Kf3 Ke6 35. Bb4 Ne7 36. Kf4 g6 37. h4 Nf5 38. Bc3 b5 39. Bb2 a5 40. Bc3 a4 41. Bb2 Ne7 42. g4 Nc6 43. h5 gxh5 44. gxh5 b4 45. Ke3 bxa3 46.
Bxa3 Kf5 47. Bf8 Kg5 48. Kd2 Nxd4 49. Kc3 Ne6 50. Bd6 Kxh5 51. Kb4 Kg4 52. Kxa4 h5 53. Kb5 h4 54. Bh2 Kf3 55. Kc6 d4 56. Kd5 Ke3 57.
Kxe6 Kxd3 58. Kf5 Ke2 59. Kg4 d3 60. Bf4 d2 61. Bxd2 Kxd2 62. Kxh4 1/2-1/2

[Event "*** Titled Tuesday Blitz"]
[Site "Chess.com"]
[Date "2020.02.04"]
[Round "2"]
[White "CzechmVIII"]
[Black "heyiampotato"]
[Result "0-1"]
[WhiteElo "2181"]
[BlackElo "2466"]
[TimeControl "180+2"]
[EndTime "13:26:20 PST"]
[Termination "heyiampotato won by resignation"]

1. e4 c5 2. Nf3 d6 3. d4 cxd4 4. Nxd4 Nf6 5. Nc3 a6 6. Bg5 Nbd7 7. Bc4 Qb6 8. O-O Qc5 9. Bd5 e6 10. Re1 Be7 11. Be3 Qa5 12. Bxe6 fxe6 13. Nxe6 Ne5 14.
Nxg7+ Kf7 15. Nf5 Bxf5 16. exf5 Rhg8 17. Qe2 Rae8 18. h3 Qb4 19. Rad1 Qc4 20. Qxc4+ Nxc4 21. Bc1 Bd8 22. b3 Ba5 23. Rxe8 Rxe8 24. bxc4 Bxc3 25. Ba3 Re1+ 26. Rxe1 Bxe1 27. Bxd6 Bxf2+ 28. Kf1 Bd4 29. g4 Ne4 30. Bf4 Nf2 31. Be5 Bc5 32. Kg2 Nd1 33.
Kf3 a5 34. a4 Ba3 35. Bc7 Bb4 36.
Be5 Bc3 37. Bc7 Nb2 38. Ke4 Nxa4 39. Kd3 Be1 40. Be5 Nc5+ 41. Kd4 Nd7 42. Bf4 a4 43. Bc1 Bb4 44. c3 Bc5+ 45. Kd3 Ne5+ 46. Kc2 Nxc4 47.
Kb1 Kf6 48. Ka2 b5 49. h4 Ke5 50. Bg5 Be3 51. Bd8 h5 52. f6 hxg4 53. Be7 Ke6 54. Bb4 g3 55. f7 Kxf7 56. h5 g2 57. Kb1 g1=Q+ 0-1

[Event "*** Titled Tuesday Blitz"]
[Site "Chess.com"]
[Date "2020.02.04"]
[Round "2"]
[White "Mikhail_Golubev"]
[Black "GMKrikor"]
[Result "0-1"]
[WhiteElo "2552"]
[BlackElo "2818"]
[TimeControl "180+2"]
[EndTime "13:26:22 PST"]
[Termination "GMKrikor won by resignation"]

1. e4 c5 2. Nf3 g6 3. Nc3 Nc6 4. d4 cxd4 5. Nxd4 Bg7 6. Be3 Nf6 7. Nxc6 bxc6 8. e5 Ng8 9. Bd4 Qc7 10. Qe2 f6 11. f4 fxe5 12. fxe5 Nh6 13. g4 Nf7 14. e6 Bxd4 15. exf7+ Kf8 16. O-O-O Qe5 17.
Rxd4 Qxd4 18. Bg2 d5 19. Re1 e5 20. Qf1 Bxg4 21. Be4 Bf5 22. Bxf5 gxf5 23. Qh3 h5 24. Rf1 Qg4 25. Qe3 e4 26. Qc5+ Kxf7 27. Qxc6 Rhe8 28. Nxd5 Qg5+ 29. Kb1 Rad8 30. Qc7+ Kf8 31. Qc5+ Kf7 32. Rg1 Qxg1+ 33. Qxg1 Rxd5 34. c4 Rde5 35. Qxa7+ R8e7 36. Qe3 Rd7 37. Qg5 e3 38. Qxh5+ Ke7 39. Qh4+ Ke6 40. Qh6+ Ke7 41. Qh4+ Kd6 42. Qf6+ Re6 43. Qd4+ Kc7 44. Qa7+ Kd8 45. Qb8+ Ke7 46. Qb4+ Kf7 47. Qc5 e2 48. Qxf5+ Ke7 49. Qg5+ Kd6 50. Qd5+ Kc7 51. Qxe6 Rd1+ 52. Kc2 e1=Q 53. Qf7+ Rd7 54. Qf4+ Kd8 55.
Qb8+ Ke7 56. a3 Qd1+ 0-1

[Event "*** Titled Tuesday Blitz"]
[Site "Chess.com"]
[Date "2020.02.04"]
[Round "2"]
[White "ShahMatKanal"]
[Black "norwaytoadog"]
[Result "1-0"]
[WhiteElo "2515"]
[BlackElo "2293"]
[TimeControl "180+2"]
[EndTime "13:26:22 PST"]
[Termination "ShahMatKanal won by resignation"]

1. e4 e5 2. Nc3 Nf6 3. g3 d5 4. exd5 Nxd5 5. Bg2 Nxc3 6. bxc3 Nc6 7. d3 Bc5 8. Ne2 O-O 9. O-O Bb6 10. Be3 Bg4 11. h3 Bf5 12. g4 Bg6 13. Ng3 Qh4 14. Qd2 h6 15. Kh2 Rad8 16. Rae1 Rfe8 17. Qc1 Ba5 18. Qa3 Qe7 19. Bc5 Qd7 20. Bxc6 Qxc6 21. Qxa5 b6 22.
Qa3 bxc5 23. c4 a5 24. Ne4 Bxe4 25. Rxe4 Rd4 26. Rfe1 Rxe4 27. Rxe4 g6 28. Qxa5 f5 29.
gxf5 gxf5 30. Re1 Kf7 31. Qd2 Qf3 32. Qe3 Qc6 33. Rg1 e4 34. Qg3 Qd6 35. Rc1 f4 36. Qg4 Rg8 37. Qf5+ Ke8 38. Qxe4+ Kd7 39. Qf5+ Kd8 40.
Rg1 f3+ 41. Kh1 Rf8 42. Qe4 Qd7 43. Qa8+ Ke7 44. Rg7+ Rf7 45. Qe4+ Kf8 46. Rxf7+ Qxf7 47. Kh2 Qh5 48. Qf4+ Ke8 49. Kg3 Ke7 50. Qh4+ Qxh4+ 51. Kxh4 Kf6 52. Kg4 Ke5 53. a4 Kd4 54. a5 Kc3 55. a6 Kd2 56. a7 Ke2 57. a8=Q 1-0

[Event "*** Titled Tuesday Blitz"]
[Site "Chess.com"]
[Date "2020.02.04"]
[Round "2"]
[White "enriquetejedor"]
[Black "Walter_White_Poland"]
[Result "1/2-1/2"]
[WhiteElo "2473"]
[BlackElo "2246"]
[TimeControl "180+2"]
[EndTime "13:26:27 PST"]
[Termination "Game drawn - insufficient material"]

1. d4 Nf6 2. c4 c5 3. d5 e6 4. Nc3 exd5 5. cxd5 d6 6. Nf3 g6 7. h3 Bg7 8. e4 O-O 9. Be2 b5 10. Bxb5 Nxe4 11. Nxe4 Qa5+ 12. Bd2 Qxb5 13. Nxd6 Qa6 14. Nxc8 Re8+ 15. Be3 Bxb2 16. Rb1 Bc3+ 17. Nd2 Nd7 18.
Qe2 Bxd2+ 19. Qxd2 Raxc8 20. Qe2 Qd6 21. O-O Qxd5 22. Rfd1 Qe6 23. Rb7 Ne5 24. Rxa7 c4 25.
Bd4 Nc6 26. Qxe6 Rxe6 27. Rd7 Nxd4 28. R7xd4 c3 29. Rd8+ Rxd8 30. Rxd8+ Kg7 31. Rc8 Ra6 32. Rxc3 Rxa2 33. Rf3 Ra4 34. Kh2 h5 35. Kg3 Rb4 36.
Rc3 Rd4 37. Rb3 Rc4 38. h4 Rd4 39. Kh3 Rc4 40. Ra3 Rd4 41. g3 Rc4 42. Rd3 Re4 43. Kg2 Re5 44. Kf3 Re1 45. Re3 Rxe3+ 46. Kxe3 Kf6 47.
Kf4 Kg7 48. Kg5 f6+ 49. Kf4 Kf7 50. Ke4 Ke6 51. Kd4 g5 52. Ke4 f5+ 53. Kd4 f4 54.
hxg5 fxg3 55. fxg3 Kf5 56. g6 Kxg6 57. Ke4 Kg5 58. Kf3 Kf5 59. Kf2 Kg4 60. Kg2 h4 61.
gxh4 Kxh4 1/2-1/2

[Event "*** Titled Tuesday Blitz"]
[Site "Chess.com"]
[Date "2020.02.04"]
[Round "2"]
[White "MarcoRiehle"]
[Black "esteban062000"]
[Result "1/2-1/2"]
[WhiteElo "2640"]
[BlackElo "2099"]
[TimeControl "180+2"]
[EndTime "13:26:29 PST"]
[Termination "Game drawn by repetition"]

1. e4 c5 2. Nf3 g6 3. d4 cxd4 4. Nxd4 Nc6 5. Be3 Nf6 6. f3 Bg7 7. c4 Nxd4 8. Bxd4 d6 9. Nc3 O-O 10. Qd2 Be6 11. Rc1 a6 12. Be2 Qa5 13. O-O Rfc8 14. b3 b5 15. cxb5 axb5 16. a4 b4 17.
Bxf6 bxc3 18. Bxc3 Bxc3 19. Qe3 Qc5 20. Qxc5 Rxc5 21.
Bc4 Bd4+ 22. Kh1 Rac8 23. Rfd1 Bf6 24. a5 Bxc4 25. bxc4 Rxa5 26. Rc2 Rac5 27. g3 Rxc4 28. Rxc4 Rxc4 29. Kg2 Kg7 30. h4 h5 31. Rb1 Rc2+ 32.
Kh3 Rc3 33. Kg2 Bd4 34. Rb7 Rc2+ 35. Kh3 Bg1 36. g4 hxg4+ 37. Kxg4 Rg2+ 38. Kh3 Rh2+ 39. Kg3 e6 40. Rb1 Rh1 41. Kg2 Rxh4 42. Rxg1 d5 43. exd5 exd5 44. Rd1 d4 45. Kg3 g5 46. Rd3 Kg6 47.
Rb3 Rf4 48. Rd3 Kf5 49. Rd1 Ke5 50. Kf2 Kd5 51. Ke2 Rf6 52. Rg1 Rf5 53. Ra1 Kc4 54.
Ra4+ Kd5 55. Ra5+ Ke6 56. Ra6+ Ke5 57. Ra4 Rf6 58. Ra5+ Kf4 59. Rd5 Re6+ 60. Kf2 Ra6 61. Rxd4+ Ke5 62. Rb4 f6 63. Rb5+ Ke6 64. Kg3 Ra4 65.
Rc5 Kf7 66. Rb5 Kg6 67. Rb8 Ra1 68. Rc8 Rg1+ 69. Kf2 Rh1 70. Kg3 Rg1+ 71. Kf2 Ra1 72. Kg3 Kf5 73. Rc5+ Kg6 74. Rc8 1/2-1/2

[Event "*** Titled Tuesday Blitz"]
[Site "Chess.com"]
[Date "2020.02.04"]
[Round "2"]
[White "hanzo_hasashi1"]
[Black "AdrianaNikolova"]
[Result "1-0"]
[WhiteElo "2903"]
[BlackElo "2392"]
[TimeControl "180+2"]
[EndTime "13:26:29 PST"]
[Termination "hanzo_hasashi1 won by resignation"]

1. Nf3 d5 2. c4 c6 3. e3 Nf6 4. d4 Bg4 5. h3 Bxf3 6. Qxf3 e6 7. Bd3 Nbd7 8. O-O Bb4 9. a3 Ba5 10. b4 Bc7 11. Bb2 O-O 12. Nc3 dxc4 13. Bxc4 e5 14. Rfd1 Qe7 15. b5 e4 16. Qe2 Qd6 17. g3 Nb6 18. Bb3 g6 19. a4 Nbd5 20. Nxd5 cxd5 21. Ba3 Qe6 22. Bxf8 Rxf8 23. Kg2 Nh5 24. Rac1 Bb8 25. Rc5 Rd8 26. Rdc1 b6 27. Rxd5 Rxd5 28. Bxd5 Qxd5 29. Rc8+ Kg7 30. Rxb8 Qb3 31. Rb7 Qxa4 32. d5 Qa3 33.
Qd2 Qd6 34. Rxa7 Nf6 35. Qd4 Qxd5 36. Qxb6 Qf5 37. Qd4 Qxb5 38. g4 h6 39. Re7 Qe2 40. Rxe4 Qb5 41. Rf4 Qc6+ 42. Kh2 g5 43. Rf5 Qc7+ 44.
Qe5 Qc6 45. h4 gxh4 46. g5 hxg5 47. Rxg5+ Kh6 48. Qf4 Nh5 49. Qxh4 Qf3 50. Rg2 f6 51. Qg4 Qxg4 52. Rxg4 f5 53. Rc4 Nf6 54. Kg3 Kg5 55. Kf3 Nd7 56. Ke2 Ne5 57. f4+ Kf6 58. fxe5+ 1-0

[Event "*** Titled Tuesday Blitz"]
[Site "Chess.com"]
[Date "2020.02.04"]
[Round "2"]
[White "CrushingKings"]
[Black "FelixJoseYnojosa"]
[Result "1/2-1/2"]
[WhiteElo "2166"]
[BlackElo "2644"]
[TimeControl "180+2"]
[EndTime "13:26:30 PST"]
[Termination "Game drawn - insufficient material"]

1. e4 c5 2. Nf3 Nc6 3. d4 cxd4 4. Nxd4 e5 5. Nb5 d6 6. N1c3 a6 7. Na3 b5 8. Nd5 Nf6 9. Bg5 Be7 10. Bxf6 Bxf6 11.
c4 b4 12. Nc2 Rb8 13. b3 a5 14.
g3 Bg5 15. h4 Bh6 16. Bh3 Be6 17. Kf1 O-O 18. Kg2 Qd7 19. Qd3 Qa7 20. Bf5 g6 21. Nf6+ Kg7 22. Ng4 Rbd8 23. Rad1 Ne7 24. Nxh6 Kxh6 25.
Qd2+ Kg7 26. Bxe6 fxe6 27. h5 Rf6 28. hxg6 Rxg6 29. Rh5 Ng8 30. Rxe5 h6 31. Rb5 Nf6 32. Nd4 Nxe4 33. Nc6 Qa8 34. Qd4+ Nf6 35. Qb6 Rd7 36. Rxa5 Qf8 37. Ra7 Rxa7 38. Qxa7+ Kh8 39. Qe7 Qxe7 40. Nxe7 Rg7 41. Nc6 d5 42. Nxb4 dxc4 43. bxc4 Rc7 44. Rd4 Kg7 45. Nd3 Ra7 46. Nf4 e5 47. Ne6+ Kf7 48.
Rd6 Ke7 49. Rb6 Rxa2 50. Nc5 Rc2 51. Re6+ Kf7 52. Rxe5 Rxf2+ 53. Kxf2 Ng4+ 54. Ke2 Nxe5 55. Nd3 Nxc4 56. Nf4 Kf6 57. Kf3 Ne5+ 58. Kg2 Kf5 59. Nh3 Ng6 60. Nf2 h5 61. g4+ hxg4 62. Nxg4 1/2-1/2

[Event "*** Titled Tuesday Blitz"]
[Site "Chess.com"]
[Date "2020.02.04"]
[Round "2"]
[White "politeplayer"]
[Black "Noam_Vitenberg"]
[Result "0-1"]
[WhiteElo "2139"]
[BlackElo "2448"]
[TimeControl "180+2"]
[EndTime "13:26:32 PST"]
[Termination "Noam_Vitenberg won by checkmate"]

1. e4 c6 2. d4 d5 3. Nc3 dxe4 4. Nxe4 Bf5 5. Ng3 Bg6 6. Bc4 Nd7 7. h4 h6 8. N1e2 e5 9. h5 Bh7 10. c3 Nb6 11. Bb3 Bd6 12. a4 a5 13. dxe5 Bxe5 14. Be3 Nd5 15. Bxd5 Qxd5 16. Qxd5 cxd5 17. Bd4 f6 18.
O-O Ne7 19. f4 Bd6 20. f5 O-O 21. Rae1 Rfe8 22. Rf3 Nc6 23. Kf2 Re7 24. Nf4 Rxe1 25. Kxe1 Re8+ 26. Kd2 Nxd4 27. cxd4 Kf7 28. Ne6 Bxg3 29.
Rxg3 Rg8 30. Rb3 Bxf5 31. Nf4 Rb8 32. Nxd5 Be6 33. Rb5 Rd8 34. Rxb7+ Kf8 35. Nc3 Rxd4+ 36. Ke3 Rg4 37. Rb8+ Ke7 38. Rb7+ Kd6 39. Rb6+ Kd7 40. Rb7+ Kc6 41. Ra7 Rxg2 42. Rxa5 Rxb2 43. Ra6+ Kd7 44. Ra7+ Kd6 45. Rxg7 Ke5 46. Rg6 Rb3 47. Kd2 Bf5 48. Rxh6 Rb2+ 49. Ke3 Rb3 50. Kd2 Rb2+ 51. Ke3 Rh2 52. Kf3 Rh3+ 53. Kg2 Rxc3 54. Rh8 Be4+ 55. Kf2 Kf4 56. h6 Rc2+ 57. Ke1 Ke3 58. Kd1 Rb2 59. Re8 Rb1# 0-1

[Event "*** Titled Tuesday Blitz"]
[Site "Chess.com"]
[Date "2020.02.04"]
[Round "2"]
[White "PowerThinking2650"]
[Black "Korchmar_Vasiliy"]
[Result "0-1"]
[WhiteElo "2380"]
[BlackElo "2784"]
[TimeControl "180+2"]
[EndTime "13:26:34 PST"]
[Termination "Korchmar_Vasiliy won by checkmate"]

1. e4 c5 2. Nf3 d6 3. Nc3 Nc6 4. g3 g6 5. Bg2 Bg7 6. O-O Nf6 7. d3 O-O 8. h3 Rb8 9. Be3 b5 10. a3 a5 11. Qd2 b4 12. axb4 axb4 13. Nd1 Re8 14.
Bh6 Bh8 15. Ng5 Ne5 16. Ne3 Bb7 17. f4 Nc6 18. g4 Nd4 19. f5 Ra8 20. Rab1 e6 21.
fxe6 fxe6 22. e5 Bxg2 23. exf6 Bxf6 24. Nxg2 Qe7 25. Ne4 Be5 26. Bg5 Qb7 27. Bf6 Rf8 28.
Bxe5 dxe5 29. Qh6 Qe7 30. Nh4 Ne2+ 31. Kh1 Nf4 32. Kh2 c4 33. dxc4 Qb7 34. Rbe1 Rad8 35. Nf3 b3 36. c3 Qc7 37. Nfg5 Rd3 38. Nxe6 Nxe6 39. Rxf8+ Nxf8 40. Nf6+ Kf7 41. Rf1 e4+ 42. Kh1 Rf3 43. Rxf3 exf3 44. Nd5 Qg3 45. Qf4+ Qxf4 46. Nxf4 Nd7 47. Nd3 Nb6 48. Nc5 Nxc4 49. Nxb3 Nxb2 50.
Nd4 f2 51. Kg2 Nd3 52. Kf1 Kf6 53. h4 Ke5 54. Ne2 Ke4 55. h5 g5 56. c4 Ke3 57.
Ng3 Nc5 58. Nf5+ Kf3 59. Nh6 Ne4 60. Nf7 Nd2# 0-1

[Event "*** Titled Tuesday Blitz"]
[Site "Chess.com"]
[Date "2020.02.04"]
[Round "2"]
[White "FrogMist"]
[Black "FearNoEvil12"]
[Result "0-1"]
[WhiteElo "2400"]
[BlackElo "2028"]
[TimeControl "180+2"]
[EndTime "13:26:34 PST"]
[Termination "FearNoEvil12 won by resignation"]

1. e4 a6 2. d4 b5 3. a4 b4 4.
Bc4 e6 5. Nf3 Bb7 6. Qe2 Nf6 7.
Nbd2 d6 8. O-O Nbd7 9. a5 Rg8 10.
e5 Nd5 11. Re1 g5 12. Ne4 g4 13. Nfg5 Be7 14. Nxh7 dxe5 15. dxe5 Nxe5 16. Neg5 Nxc4 17. Nxf7 Kxf7 18. Qxe6+ Kg7 19. Qh6+ Kf7 20. b3 Rg6 21. Qh5 Nd6 22. Bb2 Qg8 23. Re5 Nf6 24. Rxe7+ Kxe7 25. Nxf6 Rxf6 26. Bxf6+ Kxf6 27. Qh6+ Qg6 28. Qf4+ Qf5 29. Qxb4 Qe4 30. Qc3+ Kg6 31. f3 gxf3 32. Rf1 Re8 33. Rxf3 Qe1+ 34. Qxe1 Rxe1+ 35. Kf2 Bxf3 36. Kxe1 Bxg2 37.
Kd2 Kf5 38. Kc3 Ke5 39. Kb4 Kd5 40. c4+ Kc6 41. Kc3 Bh3 42. Kd4 Nb7 43. b4 Kd6 44.
Ke4 Nxa5 45. c5+ Kc6 46. Kd4 Nb7 47. Kc4 Nxc5 48. bxc5 a5 49. Kd4 a4 50. Kc4 a3 51.
Kb3 Kxc5 52. Kxa3 Kd4 53. Kb2 c5 54. Kc1 c4 55. Kc2 c3 56. Kc1 Kd3 57. Kd1 Bg4+ 58. Kc1 Bh5 59. h4 Kc4 60. Kc2 Bg4 61. Kc1 Kb3 62.
Kb1 c2+ 63. Kc1 Bf3 64. h5 Bxh5 65. Kd2 Kb2 0-1

[Event "*** Titled Tuesday Blitz"]
[Site "Chess.com"]
[Date "2020.02.04"]
[Round "2"]
[White "Bathory44"]
[Black "platy3"]
[Result "0-1"]
[WhiteElo "2591"]
[BlackElo "2889"]
[TimeControl "180+2"]
[EndTime "13:26:42 PST"]
[Termination "platy3 won by checkmate"]

1. e4 c5 2. c3 Nf6 3. e5 Nd5 4. d4 cxd4 5. Nf3 Nc6 6. cxd4 d6 7. Bc4 e6 8. O-O Be7 9. exd6 Qxd6 10. Nc3 O-O 11. Re1 Nxc3 12. bxc3 b6 13. Bd3 h6 14.
Qe2 Bd7 15. a4 Qc7 16. Qe4 f5 17. Qe2 Bf6 18. Ba3 Rfe8 19. Qa2 Kh8 20. Bb5 a6 21. Bc4 e5 22. Bf7 Red8 23. d5 e4 24. dxc6 Bxc6 25.
Nd4 Bb7 26. Rac1 Qe5 27. Qe6 f4 28. Qxe5 Bxe5 29. Bg6 Bxd4 30. cxd4 Rxd4 31. Bb2 Rb4 32. Bxg7+ Kxg7 33. Rc7+ Kxg6 34. Rxb7 Re8 35. h4 Re6 36.
g4 fxg3 37. fxg3 e3 38. Kg2 Rxa4 39. Kh3 e2 40. g4 Rd4 41. h5+ Kg5 42. Rg7+ Kf4 43.
Rg6 Re3+ 44. Kh4 Rd1 45. Rf6+ Ke5 46. Rxe2 Rxe2 47. Rxh6 Rh1+ 48. Kg5 Rg1 49. Rxb6 Re4 50. Rxa6 Rexg4+ 51. Kh6 Rg8 52. Ra5+ Kf6 53. Ra6+ Kf5 54.
Ra5+ Ke6 55. Ra6+ Ke7 56. Ra7+ Kd6 57. Ra6+ Kd7 58. Ra7+ Kc6 59. Ra6+ Kc5 60. Rg6 R8xg6+ 61. hxg6 Kd6 62. g7 Ke7 63. Kh7 Kf7 64. Kh8 Rh1# 0-1